 Dungeon Crawl Stone Soup version 0.17-a0-2108-g65e8068 (webtiles) character file.

44 Arkorax the Skirmisher (level 3, -1/29 HPs)
             Began as a Demonspawn Gladiator on Oct 19, 2015.
             Slain by Crazy Yiuf
             ... wielding a +4 quarterstaff of chaos
              (4 damage)
             ... on level 2 of the Dungeon.
             The game lasted 00:02:01 (1985 turns).

Arkorax the Skirmisher (Demonspawn Gladiator)       Turns: 1985, Time: 00:02:01

Health: -1/29      AC:  4    Str: 16    XL:     3   Next: 39%
Magic:  3/3        EV: 12    Int:  9    God:
Gold:   83         SH:  0    Dex: 13    Spells: 0 memorised, 2 levels left

rFire  . . .     SeeInvis .     a - +0 quarterstaff
rCold  . . .     Clarity  .     b - +0 leather armour
rNeg   . . .     SustAt   .     (no shield)
rPois  .         Gourm    .     c - +0 helmet
rElec  .         Spirit   .     (no cloak)
rCorr  .         Warding  .     (no gloves)
rMut   .         Stasis   .     (no boots)
MR     .....                    (no amulet)
Stlth  +.........               (no ring)
                                (no ring)

@: not resistant to hostile enchantments, very unstealthy
A: spiny 1
a: no special abilities


You were on level 2 of the Dungeon.
You were not hungry.

You visited 1 branch of the dungeon, and saw 2 of its levels.

You collected 83 gold pieces.

Inventory:

Hand Weapons
 a - a +0 quarterstaff (weapon)
Missiles
 d - 3 throwing nets (quivered)
Armour
 b - a +0 leather armour (worn)
 c - a +0 helmet (worn)
Jewellery
 t - a +6 ring of dexterity {unknown}
Scrolls
 g - a scroll of amnesia {unknown}
 i - 2 scrolls of immolation {unknown}
 l - a scroll of magic mapping {unknown}
 p - 3 scrolls of teleportation {unknown}
 q - 2 scrolls of identify {unknown}
Potions
 f - a potion of brilliance {unknown}
 h - a potion of haste {unknown}
 j - 3 potions of curing {unknown}
 k - 2 potions of heal wounds {unknown}
 m - a potion of might {unknown}
 s - 2 potions of poison {unknown}
Comestibles
 e - 5 bread rations
 n - a beef jerky
 o - a meat ration
 r - 2 chunks of flesh


   Skills:
 + Level 3.1 Fighting
 - Level 2.6 Staves
 - Level 1.7 Throwing
 - Level 1.3 Armour
 - Level 2.6 Dodging
 - Level 1.0 Stealth


You had 2 spell levels left.
You didn't know any spells.

Dungeon Overview and Level Annotations

Branches:
Dungeon (2/15)

Altars:

Annotations:
D:2 Crazy Yiuf


Innate Abilities, Weirdness & Mutations

You are partially covered in sharp spines.


Message History

You destroy the fungus!
You open the door.
Crazy Yiuf the Enlightened comes into view.
He is wielding a quarterstaff of chaos.
Crazy Yiuf shouts!
Found a mace.
There is an open door here.
You closely miss Crazy Yiuf. Crazy Yiuf is struck by your spines.
Crazy Yiuf hits you with a quarterstaff of chaos.
Crazy Yiuf burns you.
You barely miss Crazy Yiuf.
Crazy Yiuf is moderately wounded.
Crazy Yiuf is struck by your spines.
Crazy Yiuf hits you with a quarterstaff of chaos!
Crazy Yiuf burns you.
You hit Crazy Yiuf but do no damage.
Crazy Yiuf is moderately wounded.
Crazy Yiuf hits you with a quarterstaff of chaos!
* * * LOW HITPOINT WARNING * * *
You convulse.
You die...

###.....#.'.......##..#
#.# #..##...#.......##..#
#.#
#....#############..###.#
#....# #........###
#....# ##### #.#.#.###...
#....# #)..# #.#.#.# #.##
#....# #...# ###.#.# #.#.
#....# #.g.# #.#.# #.#.
#....# #@# #.#.###.#.
#....# #.## #.........
#....# ##.# #####.###.#.
###### #.## #...#.....#.
##.# ###.......#. ##.##
#....##...#. #PP.#
#########.## ##PP.# #..#
####.# #....# ##.# #.>..#


You could see Crazy Yiuf.

Vanquished Creatures
  2 worms (D:2)
  A giant cockroach (D:2)
  2 hobgoblins (D:2)
  7 jackals (D:1)
  2 kobolds
  A quokka (D:2)
  7 bats
  2 giant newts
  6 goblins
  9 rats
  A fungus (D:2)
40 creatures vanquished.

Notes
Turn   | Place    | Note
--------------------------------------------------------------
     0 | D:1      | Arkorax the Demonspawn Gladiator began the quest for the Orb.
     0 | D:1      | Reached XP level 1. HP: 16/16 MP: 1/1
   397 | D:1      | Gained mutation: You are partially covered in sharp spines. [demonic ancestry]
   397 | D:1      | Reached XP level 2. HP: 17/23 MP: 2/2
   789 | D:1      | Reached skill level 1 in Armour
  1339 | D:2      | Reached skill level 1 in Stealth
  1380 | D:2      | Reached XP level 3. HP: 28/28 MP: 3/3
  1726 | D:2      | Reached skill level 3 in Fighting
  1981 | D:2      | Noticed Crazy Yiuf
  1985 | D:2      | Slain by Crazy Yiuf

Vault maps used:
D:1:      erik_arrival_cave_to_civilisation
D:2:      first_bread, kennysheep_generic_room_10, uniq_crazy_yiuf_cottage

Action                   || total
-------------------------++-------
Melee: Quarterstaff      ||    81
 Stab: Sleeping          ||     5
  Eat: Chunk             ||     3
